 Dungeon Crawl Stone Soup version 0.29.1-15-g9cfb28693d (webtiles) character file.

Game seed: 16323531890180727954

270 Eitelfritz the Chopper (level 6, 0/53 HPs)
             Began as a Hill Orc Fighter on Apr 25, 2023.
             Slain by an orc wizard
             ... wielding a +0 dagger
              (4 damage)
             ... on level 4 of the Dungeon.
             The game lasted 00:04:04 (3610 turns).

Eitelfritz the Chopper (Hill Orc Fighter)           Turns: 3610, Time: 00:04:04

Health: 0/53       AC:  7    Str: 21    XL:     6   Next: 22%
Magic:  6/6        EV:  9    Int:  8    God:
Gold:   124        SH:  4    Dex: 10    Spells: 5/5 levels left

rFire   . . .      SeeInvis .   a - +0 war axe
rCold   . . .      Faith    .   c - +0 buckler
rNeg    . . .      Spirit   .   q - +0 scale mail
rPois   .          Reflect  .   (no helmet)
rElec   .          Harm     .   (no cloak)
rCorr   .          Rampage  .   (no gloves)
Will    .....                   (no boots)
Stlth   ..........              (no amulet)
HPRegen 0.17/turn               (no ring)
MPRegen 0.10/turn               (no ring)

@: no status effects
A: no striking features
a: no special abilities


You were on level 4 of the Dungeon.
You visited 1 branch of the dungeon, and saw 4 of its levels.

You collected 124 gold pieces.

Inventory:

Hand Weapons
 a - a +0 war axe (weapon)
 b - a +0 sling
 u - a +0 morningstar
Missiles
 e - 4 poisoned darts (quivered)
 k - 2 throwing nets
 o - 6 javelins
 w - 3 atropa-tipped darts
Armour
 c - a +0 buckler (worn)
 f - a +0 plate armour
 q - a +0 scale mail (worn)
Jewellery
 t - an amulet of magic regeneration
 x - a ring of positive energy
Scrolls
 g - a scroll of teleportation {unknown}
 h - 7 scrolls of identify {unknown}
 j - a scroll of enchant weapon {unknown}
 l - a scroll of immolation {unknown}
 m - 2 scrolls of butterflies {unknown}
 p - a scroll of poison {unknown}
 r - a scroll of magic mapping {unknown}
 s - a scroll of noise {unknown}
 y - a scroll of silence {unknown}
Potions
 d - a potion of might
 i - 3 potions of mutation {unknown}
 n - 2 potions of attraction {unknown}
 v - a potion of berserk rage {unknown}
 z - a potion of curing {unknown}


   Skills:
 + Level 4.6 Fighting
 + Level 5.4 Axes
 + Level 0.8 Ranged Weapons
 + Level 4.4 Armour
 + Level 0.7 Dodging
 + Level 0.4 Stealth
 + Level 4.0 Shields


You had 5 spell levels left.
You didn't know any spells.
Your spell library contained the following spells:

 Spells                   Type           Power      Damage    Failure   Level
 Sandblast                Erth           0%         2d4       83%         1
 Slow                     Hex            0%         N/A       83%         1
 Passwall                 Tmut/Erth      0%         N/A       92%         2
 Call Canine Familiar     Summ           0%         N/A       99%         3
 Confusing Touch          Hex            0%         N/A       99%         3
 Portal Projectile        Hex/Tloc       0%         N/A       99%         3
 Stone Arrow              Conj/Erth      0%         3d7       99%         3
 Vampiric Draining        Necr           0%         2d6       99%         3
 Leda's Liquefaction      Hex/Erth       0%         N/A       100%        4


Dungeon Overview and Level Annotations

Branches:
Dungeon (4/15)
 Temple: D:4-7

Altars:
The Shining One


Message History

Something tries to affect you, but you resist.
Something hits you.
You barely miss something. Something completely misses you.
You miss something. Something hits you but does no damage.
You hit something but do no damage. Something hits you.
You barely miss something. Something hits you.
Something hits you but does no damage.
You barely miss something. Something hits you but does no damage.
You barely miss something.
You hear some strange, mumbled words.
A puff of flame appears from out of thin air!
The puff of flame hits you!
You closely miss something. Something hits you. x2
You barely miss something. Something hits you but does no damage.
You miss something. Something hits you.
You miss something. You block something's attack.
You closely miss something.
You hear some strange, mumbled words.
You are confused.
Something hits you but does no damage.
You closely miss something. Something hits you but does no damage.
You barely miss something. Something hits you but does no damage.
You bump into the rock wall.
You hear some strange, mumbled words.
A puff of flame appears from out of thin air!
The puff of flame hits you!
* * * LOW HITPOINT WARNING * * *
You bump into the rock wall.
Something hits you but does no damage.
You're too confused to move!
You hear some strange, mumbled words.
A magic dart appears from out of thin air!
The magic dart hits you.
* * * LOW HITPOINT WARNING * * *
You're too confused to move!
Something hits you but does no damage.
You bump into the rock wall.
You feel less confused. Something hits you.
* * * LOW HITPOINT WARNING * * *
You barely miss something. Something hits you.
You die...

.......).#..#### #....
...#.#.###..# #.### ..##.#.# #..#
#.#.. ####.#.###..# #.#.# #
#.#......## #.#.# ####.###.....##
#.... .....##.......## .# ###.#
..#.##.........####...#########.#
.....+.........'@{o..............
..#.##.........####...#########.#
.##.###.......## .# #.# .##.#
##.....## #.# ....# ##...## #.#
.#### ###'### #.# .# #.....# #..
.#######.....##### ###
.................. #


You could see an orc.

Vanquished Creatures
  A sky beast (D:4)
  2 orc priests
  Terence (D:3)
  2 adders
  2 ufetubi (D:4)
  3 worms
  A dart slug (D:2)
  10 orcs
  3 endoplasms
  2 giant cockroaches
  4 goblins
  2 hobgoblins
  A quokka (D:1)
  5 ball pythons
  2 bats
  4 frilled lizards
  3 kobolds
  3 rats
51 creatures vanquished.

Notes
Turn   | Place    | Note
-------+----------+-------------------------------------------
     0 | D:1      | Eitelfritz the Hill Orc Fighter began the quest for the
                  | Orb.
     0 | D:1      | Reached XP level 1. HP: 19/19 MP: 1/1
   323 | D:1      | Reached XP level 2. HP: 27/27 MP: 2/2
   663 | D:2      | Reached skill level 3 in Axes
   764 | D:2      | Reached XP level 3. HP: 19/33 MP: 3/3
  1757 | D:3      | Noticed Terence
  1762 | D:3      | Killed Terence
  1763 | D:3      | Reached skill level 4 in Axes
  1763 | D:3      | Reached XP level 4. HP: 40/40 MP: 4/4
  1945 | D:3      | Reached XP level 5. HP: 29/47 MP: 5/5
  2143 | D:3      | Found a glowing golden altar of the Shining One.
  3270 | D:4      | Noticed a sky beast
  3294 | D:4      | Killed a sky beast
  3295 | D:4      | Reached skill level 5 in Axes
  3295 | D:4      | Reached XP level 6. HP: 8/53 MP: 6/6
  3610 | D:4      | Slain by an orc wizard

Illustrated notes

Levels and vault maps discovered:
D:1:      shiori_arrival_elements, layout_basic
D:2:      layout_basic
D:3:      layout_basic, mainiacjoe_overflow_brackets, minmay_door_square,
          uniq_terence
D:4:      layout_loops_corners, serial_shops, shop_coins, grunt_ministairs_10

Skill      XL: |  1  2  3  4  5 |
---------------+----------------+-----
Fighting       | 4 |  4.6
Axes           | 3 4 5 |  5.4
Armour         | 4 |  4.4
Shields        | 4 |  4.0
Ranged Weapons | |  0.8
Dodging        | |  0.7
Stealth        | |  0.4

Action                   |  1- 3 |  4- 6 || total
-------------------------+-------+-------++-------
Melee: War axe           |   105 |   102 ||   207
 Fire: Sling             |     7 |       ||     7
  Use: Potion            |     1 |     1 ||     2
       Scroll            |       |     1 ||     1
Armor: Scale mail        |    45 |    60 ||   105
Dodge: Dodged            |    45 |    36 ||    81
Block: Buckler           |    21 |    16 ||    37
